 Dungeon Crawl Stone Soup version 0.23.2-30-g0e89c35649 (webtiles) character file.

Game seed: 12841185092464184980

49 funkygono the Chiller (level 3, -8/26 HPs)
             Began as a Ghoul Ice Elementalist on June 25, 2019.
             Mangled by a worm (10 damage)
             ... on level 2 of the Dungeon.
             The game lasted 00:04:57 (2116 turns).

funkygono the Chiller (Ghoul Ice Elementalist)      Turns: 2116, Time: 00:04:58

Health: -8/26      AC:  2    Str: 11    XL:     3   Next: 75%
Magic:  0/5        EV: 12    Int: 11    God:
Gold:   103        SH:  0    Dex:  9    Spells: 0/6 levels left

rFire    . . .     SeeInvis +   (no weapon)
rCold    + . .     Gourm    .   (no shield)
rNeg     + + +     Faith    .   a - +0 robe
rPois    ∞         Spirit   .   (no helmet)
rElec    .         Reflect  .   (no cloak)
rCorr    .         Harm     .   (no gloves)
MR       .....                  (no boots)
Stlth    ++........             (no amulet)
HPRegen  0.00/turn              i - ring of see invisible
MPRegen  0.09/turn              (no ring)

@: rotting
A: rotting body, claws 1, carnivore, cold resistance 1, negative energy
resistance 3, inhibited regeneration, torment resistance, unbreathing
a: no special abilities


You were on level 2 of the Dungeon.
You were hungry.

You visited 1 branch of the dungeon, and saw 2 of its levels.

You collected 103 gold pieces.

Inventory:

Missiles
 f - 15 stones (quivered)
Armour
 a - a +0 robe (worn)
Jewellery
 i - a ring of see invisible (left claw)
Wands
 b - a wand of enslavement (9)
Scrolls
 d - a scroll of teleportation {unknown}
 e - a scroll of identify
Potions
 g - 2 potions of brilliance
 j - a potion of flight {unknown}
Comestibles
 c - 3 rations
 h - a chunk of flesh


   Skills:
 + Level 0.2 Fighting
 + Level 2.0 Dodging
 + Level 2.6 Stealth
 + Level 0.4 Unarmed Combat
 + Level 2.1 Spellcasting
 + Level 0.8 Conjurations
 + Level 4.1 Ice Magic


You couldn't memorise any spells.
You knew the following spells:

 Your Spells              Type           Power        Failure   Level  Hunger
a - Freeze                Ice            ##..         5%          1    ##.....
b - Throw Frost           Conj/Ice       #.....       16%         2    ###....
c - Ozocubu's Armour      Chrm/Ice       #.......     36%         3    ####...

Your spell library contained the following spells:

 Spells                   Type           Power        Failure   Level  Hunger
 Throw Icicle             Conj/Ice       #.......     71%         4    #####..
 Summon Ice Beast         Ice/Summ       #.......     77%         4    #####..


Dungeon Overview and Level Annotations

Branches:
Dungeon (2/15)

Altars:


Innate Abilities, Weirdness & Mutations

Your body is rotting away.
You thrive on raw meat.
You are immune to poison.
You have sharp fingernails.
You are carnivorous and can eat meat at any time.
Your flesh is cold resistant. (rC+)
You are immune to negative energy. (rN+++)
You do not regenerate when monsters are visible.
You are immune to unholy pain and torment.
You can survive without breathing.


Message History

Aim: a worm (moderately wounded)
You freeze the worm.
The worm is heavily wounded.
The worm barely misses you.
Casting: Freeze (safe; 5% risk of failure)
Confirm with . or Enter, or press ? or * to list all spells.
Aiming: Freeze (safe; 5% risk of failure)
Press: ? - help, Shift-Dir - straight line, f/p - worm
Aim: a worm (heavily wounded)
You freeze the worm.
The worm is heavily wounded.
Casting: Freeze (safe; 5% risk of failure)
Confirm with . or Enter, or press ? or * to list all spells.
Aiming: Freeze (safe; 5% risk of failure)
Press: ? - help, Shift-Dir - straight line, f/p - worm
Aim: a worm (heavily wounded)
You freeze the worm.
The worm is severely wounded.
The worm bites you!
You die...

..............#
#.###########...##
#.# ##.....## #.#
#####...######
#.#..............#
##.#.#####...####.#
... ##... #w# #...)
#@# #..... #.#
#.....# #.# #.....#
#.##########.###
#........# #.# #.#
########.# #.# #.#
#.# #.# #.. #.# #.#
### #.# #.# #.


You could see a worm.

Vanquished Creatures
  An adder (D:2)
  An ooze (D:2)
  2 worms (D:2)
  4 bats
  A giant cockroach (D:1)
  A goblin (D:2)
  5 hobgoblins (D:1)
  3 jackals (D:1)
  A quokka (D:2)
  5 kobolds
  6 rats
30 creatures vanquished.

Vanquished Creatures (others)
  A bat (D:2)
1 creature vanquished.

Grand Total: 31 creatures vanquished

Notes
Turn   | Place    | Note
-------+----------+-------------------------------------------
     0 | D:1      | funkygono the Ghoul Ice Elementalist began the quest for
                  | the Orb.
     0 | D:1      | Reached XP level 1. HP: 14/14 MP: 2/2
   222 | D:1      | Reached XP level 2. HP: 5/20 MP: 0/3
   510 | D:1      | Learned a level 2 spell: Throw Frost
  1469 | D:2      | Reached skill level 4 in Ice Magic
  1469 | D:2      | Reached XP level 3. HP: 12/25 MP: 0/5
  1603 | D:2      | Learned a level 3 spell: Ozocubu's Armour
  2116 | D:2      | Mangled by a worm

Skill      XL: |  1  2 |
---------------+-------+-----
Spellcasting   | 2 |  2.1
Dodging        | 2 |  2.0
Ice Magic      | 4 |  4.1
Fighting       | |  0.2
Stealth        | |  2.6
Unarmed Combat | |  0.4
Conjurations   | |  0.8

Action                   || total
-------------------------++-------
Melee: Unarmed           ||    42
 Cast: Freeze            ||    52
       Throw Frost       ||    14
       Ozocubu's Armour  ||     2
  Use: Scroll            ||     3
 Stab: Sleeping          ||     1
  Eat: Chunk             ||     6
Armor: Robe              ||     5
Dodge: Dodged            ||    52
